 Dungeon Crawl Stone Soup version 0.27.0-1-g7a089689b8 (webtiles) character file.

Game seed: 2036553150731423327

39 Spectrina the Ducker (level 3, 0/22 HPs)
             Began as a Deep Elf Monk on Aug 10, 2021.
             Slain by a kobold (5 damage)
             ... on level 4 of the Dungeon.
             The game lasted 00:05:02 (528 turns).

Spectrina the Ducker (Deep Elf Monk)                 Turns: 528, Time: 00:05:03

Health: 0/22       AC:  2    Str:  8    XL:     3   Next: 26%
Magic:  7/7        EV: 13    Int: 15    God:
Gold:   67         SH:  0    Dex: 17    Spells: 5/5 levels left

rFire    . . .     SeeInvis .   a - +1 dagger (elec)
rCold    . . .     Faith    .   (no shield)
rNeg     . . .     Spirit   .   p - +0 robe
rPois    .         Reflect  .   (no helmet)
rElec    .         Harm     .   (no cloak)
rCorr    .         Rampage  .   (no gloves)
Will     .....                  (no boots)
Stlth    ++........             (no amulet)
HPRegen  0.07/turn              (no ring)
MPRegen  0.10/turn              (no ring)

@: no status effects
A: no striking features
a: no special abilities


You were on level 4 of the Dungeon.
You visited 1 branch of the dungeon, and saw 4 of its levels.

You collected 67 gold pieces.

Inventory:

Hand Weapons
 a - a +1 dagger of electrocution (weapon)
 b - a +0 hunting sling
 n - a +1 arbalest of flaming
Missiles
 c - 15 sling bullets
 e - 7 curare-tipped darts
 f - 39 arrows
 g - 21 stones
 m - 19 poisoned darts (quivered)
Armour
 p - a +0 robe (worn)
Scrolls
 h - a scroll of teleportation {unknown}
 i - 4 scrolls of identify {unknown}
 k - a scroll of silence {unknown}
 o - a scroll of immolation {unknown}
Potions
 d - a potion of heal wounds {unknown}
 l - a potion of curing {unknown}


   Skills:
 - Level 2.4 Fighting
 - Level 3.0 Short Blades
 - Level 3.6 Dodging
 + Level 3.1 Stealth
 + Level 1.8 Spellcasting
 * Level 2.2 Invocations


You had 5 spell levels left.
You didn't know any spells.
Your spell library was empty.

Dungeon Overview and Level Annotations

Branches:
Dungeon (4/15)
 Temple: D:4-7

Altars:


Message History

The ufetubus shouts!
Your +1 dagger of electrocution stops crackling.
b - a +0 hunting sling (weapon)
Fire: 18 sling bullets
Press: ? - help, Q - select action, (/) - cycle Shift-Dir - straight line, f - ufetubus
Aim: an ufetubus (42% to hit)
You shoot a sling bullet. The sling bullet hits the ufetubus.
The ufetubus is moderately wounded.
Fire: 17 sling bullets
Press: ? - help, Q - select action, (/) - cycle Shift-Dir - straight line, f/p - ufetubus
Aim: an ufetubus (moderately wounded, 42% to hit)
You shoot a sling bullet. The sling bullet hits the ufetubus.
The ufetubus is severely wounded.
Fire: 16 sling bullets
Press: ? - help, Q - select action, (/) - cycle Shift-Dir - straight line, f/p - ufetubus
Aim: an ufetubus (severely wounded, 42% to hit)
You shoot a sling bullet. The sling bullet misses the ufetubus.
The sling bullet barely misses the kobold.
The ufetubus closely misses you. The ufetubus hits you. x2
The ufetubus barely misses you. The ufetubus barely misses you. x2
The ufetubus hits you but does no damage.
The ufetubus closely misses you. The ufetubus hits you.
The ufetubus closely misses you.
You hear the crackle of electricity.
a - a +1 dagger of electrocution (weapon)
The ufetubus misses you. The ufetubus barely misses you.
You barely miss the ufetubus.
The ufetubus is severely wounded.
The ufetubus closely misses you. The ufetubus hits you.
You hit the ufetubus but do no damage. Lightning courses through the ufetubus!
You kill the ufetubus!
You miss the kobold. The kobold barely misses you.
You barely miss the kobold. You closely miss the kobold.
The kobold hits you with a +0 whip.
You barely miss the kobold. The kobold misses you.
You hit the kobold but do no damage. The kobold hits you with a +0 whip.
* * * LOW HITPOINT WARNING * * *
You hit the kobold but do no damage. The kobold hits you with a +0 whip.
You die...

#.. ..#. #.. .$.
#.. ##.##
.#+#..##... #
..........### .#
..........#<##.#
.$.....†..#....#
..........#..###.#
#.........K@.....#
#.......##########
#.....>(+
.......(#
......(## ...###.
.## ..


You could see a kobold.

Vanquished Creatures
  2 adders
  An ufetubus (D:4)
  A worm (D:2)
  An endoplasm (D:2)
  A giant cockroach (D:4)
  2 goblins (D:1)
  A kobold (D:3)
  A quokka (D:2)
  2 bats
  A frilled lizard (D:3)
  A rat (D:2)
14 creatures vanquished.

Vanquished Creatures (others)
  4 toadstools (D:1)
4 creatures vanquished.

Grand Total: 18 creatures vanquished

Notes
Turn   | Place    | Note
-------+----------+-------------------------------------------
     0 | D:1      | Spectrina the Deep Elf Monk began the quest for the Orb.
     0 | D:1      | Reached XP level 1. HP: 13/13 MP: 3/3
   122 | D:2      | Reached skill level 1 in Spellcasting
   122 | D:2      | Reached skill level 1 in Invocations
   122 | D:2      | Reached XP level 2. HP: 18/18 MP: 3/5
   461 | D:3      | Reached XP level 3. HP: 16/22 MP: 7/7
   528 | D:4      | Slain by a kobold

Illustrated notes

Levels and vault maps discovered:
D:1:      ldierk_walled_garden_2, layout_basic, basic_ecumenical_altar,
          due_unseen_surprise
D:2:      layout_rooms, basic_altar, minmay_fountain_box,
          minmay_misc_feat_pillars, uniq_crazy_yiuf_cottage, uniq_terence
D:3:      layout_basic, serial_bayou_ford_a, st_stairs_1
D:4:      layout_basic, nicolae_ashenzari_panopticon

Skill      XL: |  1  2 |
---------------+-------+-----
Spellcasting   | 1 |  1.8
Invocations    | 1 2 |  2.2
Stealth        | 3 |  3.1
Fighting       | |  2.4
Short Blades   | |  3.0
Dodging        | |  3.6

Action                   || total
-------------------------++-------
Melee: Short sword       ||     5
       Dagger            ||    16
 Fire: Hunting sling     ||     8
Throw: Dart              ||    12
 Stab: Sleeping          ||     2
Armor: Robe              ||     4
Dodge: Dodged            ||    21
